 Dungeon Crawl Stone Soup version 0.28-a0-265-g048bc9fd10 (webtiles) character file.

Game seed: 1609678347317506288

61 desmos the Cudgeller (level 4, -4/40 HPs)
             Began as a Hill Orc Berserker on Aug 28, 2021.
             Was a Believer of Trog.
             Slain by an ogre (24 damage)
             ... on level 3 of the Dungeon.
             The game lasted 00:16:58 (3562 turns).

desmos the Cudgeller (Hill Orc Berserker)           Turns: 3562, Time: 00:16:58

Health: -4/40      AC:  2    Str: 20    XL:     4   Next: 7%
Magic:  4/4        EV: 12    Int: 13    God:    Trog [**....]
Gold:   36         SH:  0    Dex: 10    Spells: 3/3 levels left

rFire   x . .      SeeInvis .   a - +0 mace
rCold   + . .      Faith    .   (no shield)
rNeg    . . .      Spirit   .   b - +0 animal skin
rPois   .          Reflect  .   (no helmet)
rElec   .          Harm     .   (no cloak)
rCorr   .          Rampage  .   (no gloves)
Will    .....                   (no boots)
Stlth   +.........              (no amulet)
HPRegen 0.13/turn               g - +6 ring of intelligence
MPRegen 0.09/turn               p - ring of ice

@: on berserk cooldown, slowed, very slow
A: no striking features
a: Renounce Religion, Berserk, Trog's Hand


You were on level 3 of the Dungeon.
You worshipped Trog.
Trog was pleased with you.
You visited 1 branch of the dungeon, and saw 3 of its levels.

You collected 36 gold pieces.

Inventory:

Hand Weapons
 a - a +0 mace (weapon)
 d - a +2 short sword of holy wrath
 i - a +0 war axe
Missiles
 j - 27 poisoned darts (quivered)
 m - 16 arrows
 q - 7 atropa-tipped darts
Armour
 b - a +0 animal skin (worn)
Jewellery
 g - a +6 ring of intelligence (left hand)
 p - a ring of ice (right hand)
Scrolls
 c - 2 scrolls of identify {unknown}
 f - a scroll of noise {unknown}
 o - a scroll of vulnerability {unknown}
 r - a scroll of teleportation {unknown}
Potions
 e - a potion of invisibility {unknown}
 h - a potion of cancellation {unknown}
 l - a potion of curing {unknown}
 n - a potion of flight {unknown}


   Skills:
 + Level 4.2 Fighting
 * Level 4.4 Maces & Flails
 + Level 2.8 Armour
 - Level 1.6 Dodging


You had 3 spell levels left.
You didn't know any spells.
Your spell library contained the following spells:

 Spells                   Type           Power      Damage    Failure   Level
 Corona                   Hex            0%         N/A       30%         1
 Ensorcelled Hibernation  Hex/Ice        0%         N/A       43%         2
 Tukima's Dance           Hex            0%         N/A       67%         3
 Dispersal                Tloc           0%         N/A       100%        6
 Disjunction              Tloc           0%         N/A       100%        8


Dungeon Overview and Level Annotations

Branches:
Dungeon (3/15)

Altars:


Message History

Trog accepts your kill. As you open the door, it creaks loudly!
There is an open door here.
You open the door.
There is an open door here.
You now have 36 gold pieces (gained 8).
Found 7 atropa-tipped darts.
You open the door.
There is an open door here.
There is an open door here.
Unknown command.
Found a scroll labelled HOLOOQOWYF.
You see here 7 atropa-tipped darts.
q - 7 atropa-tipped darts
r - a scroll labelled HOLOOQOWYF You start waiting.
Done waiting.
You open the door.
There is an open door here.
You start waiting.
Done waiting.
You start waiting.
Done waiting.
The ogre shouts!
An endoplasm comes into view.
A red film seems to cover your vision as you go berserk!
You feel yourself moving faster!
You feel mighty!
You feel a strong urge to attack something.
You feel your anger nearly subside.
You are no longer berserk.
You are exhausted.
You feel yourself slow down.
The ogre hits you with a +0 giant spiked club!!
Ouch! That really hurt!
As you read the scroll labelled QONKAIMEURR, it crumbles to dust.
It is a scroll of enchant weapon.
Really abort (and waste the scroll)?
Okay, then.
The ogre hits you with a +0 giant spiked club!!
Ouch! That really hurt!
You die...

###### #.####### #....... #....#
#.......# #.###.## #.##.#
#.#####.# #...#.## #.##.# #.#.#
#.# ###.#.## #.##.# #.#.###.#
#.#... #.##.# #.#<....# ###.####
#.##.#########.#########.......
###.##.#.......#...........######
..............JO@.........>).....
###.#.###.####.#........##.######
###.#.###.####.#........##.# #
...............#........##.# #
###.#.###.####.#........##.# #
#.#.# #.# #.#........##.# # #.#.#
#.# #..........##.# # #.#.# #.#
#..##########.# # #.# #.# #...#
#.# #


You could see an ogre and an endoplasm.

Vanquished Creatures
  An adder (D:2)
  An adder skeleton (D:2)
  An orc (D:3)
  3 ball pythons
  3 bats
  5 endoplasms
  4 hobgoblins
  7 jackals
  4 frilled lizards
  5 goblins
  4 kobolds
  7 rats
45 creatures vanquished.

Notes
Turn   | Place    | Note
-------+----------+-------------------------------------------
     0 | D:1      | desmos the Hill Orc Berserker began the quest for the Orb.
     0 | D:1      | Reached XP level 1. HP: 19/19 MP: 1/1
   315 | D:1      | Reached XP level 2. HP: 4/27 MP: 2/2
   699 | D:1      | Noticed an eye of devastation
   701 | D:1      | Found a faded altar of an unknown god.
   703 | D:1      | Noticed a floating eye
   703 | D:1      | Noticed a golden eye
   703 | D:1      | Noticed a shining eye
  1301 | D:2      | Reached XP level 3. HP: 29/33 MP: 3/3
  2282 | D:2      | Reached ** piety under Trog
  2867 | D:3      | Reached XP level 4. HP: 34/40 MP: 4/4
  2910 | D:3      | Noticed an ogre
  3562 | D:3      | Slain by an ogre

Illustrated notes

Levels and vault maps discovered:
D:1:      saegor_arrival_simple_b, layout_basic,
          hellmonk_ecumenical_altar_watching_god, minmay_shallow_snake_nest
D:2:      kennysheep_big_flooded_room, layout_loops_ring
D:3:      layout_basic, minmay_randomly_rotated_circles

Skill      XL: |  1  2 |
---------------+-------+-----
Fighting       | 4 |  4.2
Maces & Flails | 4 |  4.4
Armour         | |  2.8
Dodging        | |  1.6

Action                   |  1- 3 |  4- 6 || total
-------------------------+-------+-------++-------
Melee: Mace              |   123 |     8 ||   131
Invok: Berserk           |       |     1 ||     1
  Use: Scroll            |       |     1 ||     1
Armor: Animal skin       |    29 |     3 ||    32
Dodge: Dodged            |    67 |     7 ||    74

Table legend: (Time is in decaauts)
 A = Elapsed time spent in this place.
 B = Non-inter-level travel time spent in this place.
 C = Inter-level travel time spent in this place.
 D = Time resting spent in this place.
 E = Time spent auto-exploring this place.
 F = Levels seen in this place.
 G = Mean time per level.
                   A        B        C        D        E       F      G
               +--------+--------+--------+--------+--------+-----+--------+
         Total |   3593 |   3553 |     40 |   1156 |   1652 |   3 | 1197.7 |
       Dungeon |   3593 |   3553 |     40 |   1156 |   1652 |   3 | 1197.7 |
               +--------+--------+--------+--------+--------+-----+--------+

Top non-repeatable levels by time:
     D:1: 1540 daAuts
     D:2: 1171 daAuts
     D:3: 882 daAuts
